 Dungeon Crawl Stone Soup version 0.31-a0-229-g1fc7ce93e2 (webtiles) character file.

Game seed: 4401866464909541205

98 qw the Shooter (level 4, -3/26 HPs)
             Began as a Gargoyle Hexslinger on July 6, 2023.
             Killed by nerve-wracking pain
             ... invoked by an orc priest
              (6 damage)
             ... on level 3 of the Dungeon.
             The game lasted 00:00:44 (1830 turns).

qw the Shooter (Gargoyle Hexslinger)                Turns: 1830, Time: 00:00:44

Health: -3/26      AC:  5    Str: 12    XL:     4   Next: 69%
Magic:  5/5        EV: 17    Int: 13    God:
Gold:   136        SH:  5    Dex: 14    Spells: 4/5 levels left

rFire   . . .        Y - +1 sling
rCold   . . .        (no shield)
rNeg    + . .        c - +0 robe
rPois   inf          (no helmet)
rElec   +            (no cloak)
rCorr   .            (no gloves)
SInv    .            (no boots)
Will    .....        f - amulet of reflection
Stlth   +            d - +5 ring of evasion
HPRegen 0.24/turn    (no ring)
MPRegen 0.09/turn

%: reflection
@: no status effects
A: sickness immunity, AC +3, negative energy resistance 1, electricity
resistance, torment resistance 1, petrification resistance
a: no special abilities


You were on level 3 of the Dungeon.
You visited 1 branch of the dungeon, and saw 3 of its levels.

You collected 136 gold pieces.


Innate Abilities, Weirdness & Mutations

You are immune to sickness and miasma.
Your stone body is resilient. (AC +3)
You are immune to poison.
You resist negative energy. (rN+)
You are resistant to electric shocks. (rElec)
You are resistant to unholy torment.
You are immune to petrification.


   Skills:
 - Level 2.0 Fighting
 + Level 4.4 Ranged Weapons
 - Level 1.5 Dodging
 - Level 1.0 Spellcasting
 - Level 2.6 Hexes


You had 4 spell levels left.
You knew the following spells:

 Your Spells              Type           Power      Damage    Failure   Level
a - Slow                  Hex            28%        N/A       10%         1

Your spell library contained the following spells:

 Spells                   Type           Power      Damage    Failure   Level
 Inner Flame              Hex/Fire       4%         N/A       43%         3
 Portal Projectile        Hex/Tloc       8%         N/A       43%         3
 Cause Fear               Hex            3%         N/A       67%         4

Inventory:

Hand Weapons
 Y - a +1 sling (weapon)
Armour
 c - a +0 robe (worn)
 g - a +0 ring mail
Jewellery
 d - a +5 ring of evasion (left hand)
 f - an amulet of reflection (around neck)
Scrolls
 a - 2 scrolls of identify
Potions
 b - a potion of cancellation {unknown}
 e - a potion of might
 i - a potion of heal wounds {unknown}

Dungeon Overview and Level Annotations

Branches:
Dungeon (3/15)

Altars:
Trog
Yredelemnul


Message History

You block the orc's attack. Something hits you but does no damage.
You shoot a sling bullet. The sling bullet hits the orc.
You kill the orc!
You block something's attack.
The orc priest begins to cast a cantrip, but forgets the words!
You shoot a sling bullet.
The sling bullet closely misses the orc priest.
Something hits you.
You shoot a sling bullet. The sling bullet hits the orc priest.
The orc priest is lightly wounded.
Something closely misses you. The orc priest misses you.
You shoot a sling bullet.
The sling bullet closely misses the orc priest.
Something hits you but does no damage.
The orc priest looks encouraged for a moment.
You shoot a sling bullet. The sling bullet hits the orc priest.
The orc priest is heavily wounded.
Something closely misses you. The orc priest closely misses you.
The orc priest misses you. Something hits you.
You shoot a sling bullet.
The sling bullet hits the orc priest but does no damage.
The orc priest is heavily wounded.
Something hits you. You block the orc priest's attack.
You shoot a sling bullet.
The sling bullet hits the orc priest but does no damage.
The orc priest is heavily wounded.
Something hits you. You block the orc priest's attack.
You shoot a sling bullet.
The sling bullet closely misses the orc priest.
Something barely misses you.
The orc priest hits you with a +0 short sword.
You shoot a sling bullet.
The sling bullet barely misses the orc priest.
Something hits you but does no damage. You block the orc priest's attack.
You shoot a sling bullet. The sling bullet hits the orc priest.
The orc priest is heavily wounded.
Something hits you. The orc priest barely misses you.
The orc priest calls down the wrath of Beogh upon you.
Pain shoots through your body!
You die...

#.~.....~.#
#.~.~~¤.~.#
#.¤¤¤..~~.#
#¤¤¤._.¤¤.#
#.~~...¤¤.#
#¤¤.~¤¤.~.#
#.¤....¤~%#
#..~~~~~..##
..#########@#
..# #o{# ..
...## ###. #.
#. #. #.


You could see an orc priest.

Vanquished Creatures
  5 adders
  A worm (D:2)
  A dart slug (D:1)
  2 orcs (D:3)
  7 endoplasms
  3 giant cockroaches
  2 goblins
  4 hobgoblins
  2 quokkas
  5 ball pythons
  2 bats
  4 frilled lizards (D:2)
  2 kobolds (D:1)
  7 rats
  A butterfly (D:1)
48 creatures vanquished.

Notes
Turn   | Place    | Note
-------+----------+-------------------------------------------
     0 | D:1      | qw the Gargoyle Hexslinger began the quest for the Orb.
     0 | D:1      | Reached XP level 1. HP: 12/12 MP: 2/2
     0 | D:1      | 0 ||| qw: Version: 0.3-a-46-gb1f654a
     0 | D:1      | 0 ||| qw: Game counter: 1394
     0 | D:1      | 0 ||| qw: Melee chars always use a shield: true
     0 | D:1      | 0 ||| qw: God list: Okawaru
     0 | D:1      | 0 ||| qw: Allow faded altars: false
     0 | D:1      | 0 ||| qw: Do Orc after clearing Dungeon:15 true
     0 | D:1      | 0 ||| qw: Do second Lair branch before Depths: true
     0 | D:1      | 0 ||| qw: Lair rune preference: random
     0 | D:1      | 0 ||| qw: Goals: Normal
     0 | D:1      | 0 ||| PLANNING D:1-11
    57 | D:1      | 57 ||| FLEEEEING.
    84 | D:1      | Reached XP level 2. HP: 16/16 MP: 3/3
   205 | D:1      | 205 ||| UPGRADING to amulet of reflection.
   210 | D:1      | 210 ||| READING 2 scrolls labelled WEXTIF DERALAL.
   211 | D:1      | 211 ||| READING scroll labelled QAMNAQ COJA.
   212 | D:1      | 212 ||| READING scroll labelled WUUNEJU CITO.
   213 | D:1      | 213 ||| DROPPING scroll of poison.
   220 | D:1      | 220 ||| Stepping ~*~*~tactically~*~*~ (water).
   342 | D:1      | Reached skill level 3 in Ranged Weapons
   617 | D:1      | 617 ||| UPGRADING to +5 ring of evasion.
   618 | D:1      | 618 ||| READING scroll labelled UFU WIKHEETZI.
   619 | D:1      | 619 ||| READING 2 scrolls of identify.
   619 | D:1      | 619 ||| IDENTIFYING grey potion
   742 | D:2      | Reached XP level 3. HP: 21/21 MP: 4/4
   950 | D:2      | Found a faded altar of an unknown god.
  1123 | D:2      | Reached XP level 4. HP: 26/26 MP: 5/5
  1236 | D:2      | Found a basalt altar of Yredelemnul.
  1240 | D:2      | Reached skill level 4 in Ranged Weapons
  1421 | D:2      | 1421 ||| READING scroll labelled GEOROD QYITT.
  1425 | D:2      | 1425 ||| READING 3 scrolls of identify.
  1425 | D:2      | 1425 ||| IDENTIFYING coppery potion
  1426 | D:2      | 1426 ||| READING 2 scrolls of identify.
  1426 | D:2      | 1426 ||| IDENTIFYING amethyst potion
  1427 | D:2      | 1427 ||| DROPPING potion of attraction.
  1428 | D:2      | 1428 ||| DROPPING potion of degeneration.
  1692 | D:3      | 1692 ||| Stepping ~*~*~tactically~*~*~ (outnumbered).
  1697 | D:3      | HP: 6/26 [orc/+0 hand axe (1)]
  1698 | D:3      | 1698 ||| READING scroll of teleportation.
  1700 | D:3      | Found a bloodstained altar of Trog.
  1827 | D:3      | HP: 5/26 [something (2)]
  1830 | D:3      | Killed from afar by an orc priest

Levels and vault maps discovered:
D:1:      reono_arrival_mine, layout_basic, hangedman_glass_garden,
          nrook_mini_backslash, minmay_misc_feat_iff, supply_closet_lemuel
D:2:      layout_loops_corners, basic_altar, hellmonk_ecumenical_altar_blasted,
          minmay_heptomino_l4
D:3:      layout_loops_corners, mainiacjoe_overflow_paths

Skill      XL: |  1  2  3  4 |
---------------+-------------+-----
Ranged Weapons | 3 4 |  4.4
Fighting       | 2 |  2.0
Dodging        | |  1.5
Spellcasting   | |  1.0
Hexes          | |  2.6

Action                     |  1- 3 |  4- 6 || total
---------------------------+-------+-------++-------
   Fire: Sling             |   105 |    65 ||   170
    Use: Scroll            |     5 |     4 ||     9
 Armour: Robe              |     3 |    11 ||    14
  Dodge: Dodged            |     7 |    25 ||    32
  Block: Other             |     3 |    18 ||    21

Table legend:
 A = Non-vault XP
 B = Vault XP
 C = Vault XP percentage of total XP
 D = Non-vault monster count
 E = Vault monster count
 F = Vault count percentage of total count
                 A         B        C        D         E       F
            +---------+---------+-------+---------+---------+-------
      Total |     131 |       9 |   6.4 |      43 |       4 |   8.5
            +---------+---------+-------+---------+---------+-------
        D:1 |      28 |       0 |   0.0 |      17 |       0 |   0.0
        D:2 |      63 |       9 |  12.5 |      19 |       4 |  17.4
        D:3 |      40 |       0 |   0.0 |       7 |       0 |   0.0
            +---------+---------+-------+---------+---------+-------
